 Dungeon Sprint DCSS version 0.21.1-1-g345015f (webtiles) character file.

6600000 vatarom the Axe Maniac (level 27, 0/273 HPs)
             Began as a Minotaur Gladiator on Apr 28, 2018.
             Was the Champion of Makhleb.
             Slain by The Captor
             ... wielding a +9 triple sword of slicing
              (140 damage)
             ... in the Dungeon (Sprint VIII: "Arena of Blood").
             The game lasted 00:01:08 (66 turns).

vatarom the Axe Maniac (Minotaur Gladiator)           Turns: 66, Time: 00:01:09

Health: 0/273      AC:  6    Str: 28    XL:     27
Magic:  26/53      EV: 32    Int:  5    God:    Makhleb [******]
Gold:   0          SH:  0    Dex: 16    Spells: 80/80 levels left

rFire    . . .     SeeInvis .   l - +∞ Axe of Woe
rCold    . . .     Gourm    .   (shield currently unavailable)
rNeg     . . .     Faith    .   b - +0 leather armour
rPois    .         Spirit   .   c - +0 hat
rElec    .         Reflect  .   (no cloak)
rCorr    .         Harm     .   (no gloves)
MR       ++...     NoTele   +   (no boots)
Stlth    +++++++++.             (no amulet)
HPRegen  0.55/turn              (no ring)
MPRegen  0.33/turn              (no ring)

@: marked
A: retaliatory headbutt, horns 2
a: Minor Destruction, Lesser Servant of Makhleb, Major Destruction, Greater
Servant of Makhleb, Renounce Religion


You were in the Dungeon.
You worshipped Makhleb.
Makhleb was exalted by your worship.
You were not hungry.

You visited 1 branch

Inventory:

Hand Weapons
 a - a +0 war axe
 l - the +∞ Axe of Woe (weapon)
   (You found it in the Dungeon)
Missiles
 d - 3 throwing nets (quivered)
Armour
 b - a +0 leather armour (worn)
 c - a +0 hat (worn)
Jewellery
 m - a +30 ring of slaying
Scrolls
 k - a scroll of blinking
Potions
 e - a potion of curing
 g - a potion of heal wounds
 h - a potion of haste
 i - 2 potions of magic
 j - a potion of berserk rage
Comestibles
 f - a ration


   Skills:
 O Level 27 Fighting
 O Level 27 Axes
 O Level 27 Throwing
 O Level 27 Armour
 O Level 27 Dodging
 O Level 27 Stealth
 O Level 27 Unarmed Combat
 O Level 27 Spellcasting
 O Level 27 Invocations


You had 80 spell levels left.
You didn't know any spells.

Dungeon Overview and Level Annotations

Branches:
Dungeon (1/1)

Altars:
Makhleb

Annotations:
D The Captor


Innate Abilities, Weirdness & Mutations

You reflexively headbutt those who attack you in melee.
You have a pair of horns on your head.


Message History

The tyrant gestures wildly while chanting.
The tyrant seems to speed up. 2 orcs, 2 ogres and a lich come into view.
The web tears apart.
The meat beast misses you. The meat beast tramples you!
You hold your ground!
You hear a shout!
The Captor gestures at you while chanting.
The stream of webbing misses you.
The stream of webbing hits the meat berserker.
The meat berserker is caught in a web!
The meat beast appears out of thin air!
A meat beast comes into view.
You hear a shout! x2
The meat beast bites you! The meat beast tramples you!
You hold your ground!
The meat berserker hits you with a +9 battleaxe!!
The meat berserker struggles to get unstuck from the web.
You hear a shout! x4
The meat berserker completely misses you.
The Captor hits you with a +9 triple sword of slicing!!!!
Ouch! That really hurt!
You die...

..# .## ####...
.... .. .......2.
.....##.##........
.................L
.......#.#.......
....%...§§)....###
.......§§)).....o.
.......§)2)@......
....%.))))@O2.....
.......)).OO......
..#...))%)#.%.....
#....O..#..O..V.
.###..O%..)###....o
......###........Oo
......_........OoL
...#....)#.......#
...#_.<)_#..§...


You could see 3 meat beasts, 2 tyrants, a destroyer, The Captor, 8 meat
berserkers and 4 bags of meat.

Vanquished Creatures
  3 greater mummies (D)
  8 vampire knights (D)
  16 ogres (D)
  4 two-headed ogres (D)
  A lich (D)
  37 orcs (D)
  A skeletal warrior (D)
70 creatures vanquished.

Notes
Turn   | Place    | Note
-------+----------+-------------------------------------------
     0 | D        | Found the +∞ Axe of Woe
     0 | D        | vatarom the Minotaur Gladiator began the quest for the Orb.
     0 | D        | Reached XP level 1. HP: 18/18 MP: 0/0
     2 | D        | Noticed a bag of meat
     3 | D        | Became a worshipper of Makhleb the Destroyer
     4 | D        | Noticed a bag of meat
     7 | D        | Killed a bag of meat
     7 | D        | Reached XP level 2. HP: 41/41 MP: 1/1
     7 | D        | Reached XP level 3. HP: 48/48 MP: 2/2
     7 | D        | Reached XP level 4. HP: 56/56 MP: 3/3
     7 | D        | Reached XP level 5. HP: 62/62 MP: 4/4
     7 | D        | Reached XP level 6. HP: 70/70 MP: 5/5
     7 | D        | Reached XP level 7. HP: 77/77 MP: 6/6
     7 | D        | Reached XP level 8. HP: 83/83 MP: 7/7
     7 | D        | Reached XP level 9. HP: 90/90 MP: 8/8
     7 | D        | Reached XP level 10. HP: 97/97 MP: 9/9
     7 | D        | Reached XP level 11. HP: 104/104 MP: 10/10
     8 | D        | Killed a bag of meat
     8 | D        | Reached * piety under Makhleb
     8 | D        | Reached XP level 12. HP: 116/116 MP: 11/11
    11 | D        | Noticed a bag of meat
    12 | D        | Noticed a meat berserker
    12 | D        | Noticed a bag of meat
    12 | D        | Noticed a bag of meat
    12 | D        | Noticed a bag of meat
    12 | D        | Noticed a meat berserker
    13 | D        | Noticed a bag of meat
    13 | D        | Noticed a bag of meat
    13 | D        | Noticed a bag of meat
    14 | D        | Noticed a bag of meat
    14 | D        | Noticed a bag of meat
    15 | D        | Noticed a bag of meat
    15 | D        | Noticed a bag of meat
    15 | D        | Killed a bag of meat
    15 | D        | Reached skill level 15 in Fighting
    15 | D        | Reached XP level 13. HP: 126/126 MP: 12/12
    16 | D        | Noticed a bag of meat
    16 | D        | Killed a bag of meat
    16 | D        | Reached XP level 14. HP: 137/137 MP: 13/13
    17 | D        | Killed a bag of meat
    17 | D        | Reached ** piety under Makhleb
    17 | D        | Reached skill level 27 in Axes
    18 | D        | Noticed a meat berserker
    18 | D        | Killed a meat berserker
    18 | D        | Reached skill level 27 in Dodging
    18 | D        | Reached XP level 15. HP: 162/162 MP: 14/14
    19 | D        | Killed a meat berserker
    19 | D        | Reached XP level 16. HP: 182/182 MP: 15/15
    19 | D        | Reached *** piety under Makhleb
    19 | D        | Reached skill level 27 in Fighting
    20 | D        | Noticed a meat berserker
    20 | D        | Noticed a meat berserker
    20 | D        | Reached skill level 27 in Throwing
    20 | D        | Reached XP level 17. HP: 191/191 MP: 15/22
    21 | D        | Noticed a large bag of meat
    21 | D        | Noticed a large bag of meat
    22 | D        | Noticed a meat berserker
    22 | D        | Reached **** piety under Makhleb
    22 | D        | Reached skill level 10 in Unarmed Combat
    22 | D        | Reached skill level 10 in Stealth
    23 | D        | Noticed a meat berserker
    23 | D        | Killed a meat berserker
    23 | D        | Reached skill level 15 in Unarmed Combat
    23 | D        | Reached skill level 10 in Spellcasting
    23 | D        | Reached XP level 18. HP: 200/200 MP: 15/31
    23 | D        | Reached skill level 15 in Invocations
    23 | D        | Reached skill level 15 in Stealth
    23 | D        | Noticed a destroyer
    25 | D        | Killed a meat berserker
    25 | D        | Reached ***** piety under Makhleb
    25 | D        | Reached XP level 19. HP: 136/207 MP: 15/35
    26 | D        | Killed a meat berserker
    26 | D        | Reached skill level 15 in Spellcasting
    27 | D        | Noticed a meat berserker
    28 | D        | Killed a large bag of meat
    28 | D        | Reached XP level 20. HP: 216/216 MP: 16/40
    28 | D        | Killed a large bag of meat
    28 | D        | Reached skill level 27 in Armour
    28 | D        | Killed a meat berserker
    28 | D        | Reached skill level 27 in Unarmed Combat
    28 | D        | Killed a destroyer
    28 | D        | Reached skill level 27 in Invocations
    28 | D        | Reached XP level 21. HP: 224/224 MP: 16/45
    29 | D        | Noticed a destroyer
    30 | D        | Noticed a large bag of meat
    30 | D        | Reached ****** piety under Makhleb
    30 | D        | Reached skill level 27 in Stealth
    31 | D        | Reached skill level 27 in Spellcasting
    31 | D        | Reached XP level 22. HP: 233/233 MP: 17/52
    32 | D        | Noticed a destroyer
    33 | D        | Noticed a destroyer
    35 | D        | Reached XP level 23. HP: 240/240 MP: 17/53
    35 | D        | Killed a destroyer
    36 | D        | Noticed a large bag of meat
    36 | D        | Reached XP level 24. HP: 249/249 MP: 18/53
    38 | D        | Killed a destroyer
    40 | D        | Noticed a destroyer
    40 | D        | Killed a large bag of meat
    40 | D        | Reached XP level 25. HP: 257/257 MP: 19/53
    41 | D        | Noticed a destroyer
    43 | D        | Noticed a destroyer
    44 | D        | Reached XP level 26. HP: 266/266 MP: 20/53
    45 | D        | Killed a destroyer
    46 | D        | Killed a destroyer
    47 | D        | Noticed an accursed
    47 | D        | Killed a large bag of meat
    47 | D        | Reached XP level 27. HP: 273/273 MP: 21/53
    48 | D        | Noticed a destroyer
    48 | D        | Killed a destroyer
    50 | D        | Noticed a tyrant
    52 | D        | Killed a destroyer
    53 | D        | Killed a destroyer
    53 | D        | Killed an accursed
    56 | D        | Noticed an accursed
    59 | D        | Noticed an accursed
    59 | D        | Noticed The Captor
    60 | D        | Killed a tyrant
    60 | D        | Killed an accursed
    61 | D        | Noticed a meat beast
    62 | D        | Noticed a meat beast
    62 | D        | Killed an accursed
    64 | D        | Noticed a tyrant
    65 | D        | Noticed a destroyer
    66 | D        | Noticed a tyrant
    66 | D        | Slain by The Captor

Skill      XL: |  1  2  3  4  5  6  7  8  9 10 11 12 13 14 15 16 17 18 19 20 21 |
---------------+----------------------------------------------------------------+-----
Fighting       | 12 13 15 16 22 26 27 | 27.0
Axes           | 20 23 25 26 27 | 27.0
Throwing       | 9 11 12 13 18 21 27 | 27.0
Dodging        | 18 21 23 24 27 | 27.0
Armour         | 8 16 21 26 27 | 27.0
Stealth        | 6 13 17 21 26 27 | 27.0
Unarmed Combat | 7 15 19 24 27 | 27.0
Spellcasting   | 4 10 13 17 21 27 | 27.0
Invocations    | 6 14 18 22 27 | 27.0

Action                   |  1- 3 |  4- 6 |  7- 9 | 10-12 | 13-15 | 16-18 | 19-21 | 22-24 | 25-27 || total
-------------------------+-------+-------+-------+-------+-------+-------+-------+-------+-------++-------
Melee: Executioner's axe |     1 |       |       |     2 |     4 |     4 |     5 |     8 |    17 ||    41
Armor: Leather armour    |       |       |       |       |       |       |       |       |     2 ||     2
Dodge: Dodged            |       |       |       |       |       |       |       |       |     6 ||     6
